[ AOE2 MATCH · #506737954 ]
UnrankedItalians vs Vietnamese
[ REPLAY ANALYSIS · EXTRACTED FROM THE RECORDED GAME ]
Feudal
10:06
Castle
13:43
Imperial
26:53
| APM avg | 36.5 |
| APM peak | 70 |
| eAPM avg | 19.0 |
| Villagers / military | 69 / 28 |
Focus
⚔️ 25.7% · 🌾 74.3%
Unknown (882) ×28 · Genoese Crossbowman ×19 · Monk ×5 · Trebuchet (Packed) ×4
Feudal
9:47
Castle
16:07
Imperial
30:08
| APM avg | 24.5 |
| APM peak | 73 |
| eAPM avg | 12.9 |
| Villagers / military | 45 / 12 |
Focus
⚔️ 33.0% · 🌾 67.0%
Rattan Archer ×12
Feudal
10:01
Castle
13:32
Imperial
—
| APM avg | 32.3 |
| APM peak | 103 |
| eAPM avg | 15.8 |
| Villagers / military | 105 / 45 |
Focus
⚔️ 26.0% · 🌾 74.0%
Knight ×40 · Monk ×3 · Scout Cavalry ×2
Feudal
11:41
Castle
15:11
Imperial
28:57
| APM avg | 36.2 |
| APM peak | 69 |
| eAPM avg | 16.4 |
| Villagers / military | 119 / 59 |
Focus
⚔️ 23.7% · 🌾 76.3%
Knight ×34 · Scout Cavalry ×16 · Obuch ×6 · Monk ×1 · Spearman ×1 · Trebuchet (Packed) ×1
Match map
Initial resources + every placement click. Lines = walls · curves = elevation contours. ◆ gold · ⬟ stone · ● berries · ✦ relic · ◌ wall gap
Your base· ✓ Closed at 13:43 · 0t walls · 3 gate(s)
FLEJEUNE's base· ✓ Closed at 16:07 · 0t walls · 3 gate(s)
LMG_Leonardo's base· ✓ Closed at 13:32 · 0t walls · 3 gate(s)
Fritz X2453's base· ✓ Closed at 15:11 · 0t walls · 3 gate(s)
Smoothed initial terrain · ◌ = detected wall gap · hover for details
Inputs per minute
— LMG_HERA DE TEMU - - FLEJEUNE
Build order — LMG_HERA DE TEMU
First 150 of 205 actions detected
| 0:01 | Queue | Villager (Male) |
| 0:01 | Queue | Villager (Male) |
| 0:01 | Queue | Villager (Male) |
| 0:02 | Queue | Villager (Male) |
| 0:02 | Build | House |
| 0:04 | Build | House |
| 1:32 | Queue | Villager (Male) |
| 1:33 | Queue | Villager (Male) |
| 1:33 | Queue | Villager (Male) |
| 1:46 | Build | Lumber Camp |
| 1:55 | Queue | Villager (Male) |
| 1:56 | Queue | Villager (Male) |
| 2:12 | Queue | Villager (Male) |
| 2:12 | Queue | Villager (Male) |
| 2:48 | Queue | Villager (Male) |
| 2:48 | Queue | Villager (Male) |
| 2:48 | Queue | Villager (Male) |
| 3:14 | Queue | Villager (Male) |
| 3:15 | Queue | Villager (Male) |
| 3:48 | Queue | Villager (Male) |
| 3:49 | Queue | Villager (Male) |
| 3:49 | Queue | Villager (Male) |
| 3:56 | Build | House |
| 3:58 | Build | House |
| 3:59 | Build | House |
| 4:30 | Queue | Villager (Male) |
| 4:30 | Queue | Villager (Male) |
| 5:06 | Queue | Villager (Male) |
| 5:06 | Queue | Villager (Male) |
| 5:30 | Queue | Villager (Male) |
| 5:31 | Queue | Villager (Male) |
| 5:55 | Build | Mill |
| 6:14 | Queue | Villager (Male) |
| 6:14 | Queue | Villager (Male) |
| 6:29 | Build | Farm |
| 6:31 | Build | Farm |
| 6:35 | Build | Farm |
| 6:54 | Queue | Villager (Male) |
| 7:38 | Build | Mining Camp |
| 7:55 | Research | Feudal Age |
| 8:27 | Build | Farm |
| 8:44 | Queue | Villager (Male) |
| 8:45 | Queue | Villager (Male) |
| 10:06 | Age | Feudal Age |
| 10:12 | Build | Market |
| 10:16 | Build | Blacksmith |
| 11:00 | Build | House |
| 11:03 | Research | Castle Age |
| 11:03 | Research | Castle Age |
| 11:03 | Research | Castle Age |
| 11:12 | Build | Mining Camp |
| 12:20 | Research | Double-Bit Axe |
| 12:50 | Queue | Villager (Male) |
| 12:50 | Queue | Villager (Male) |
| 12:51 | Queue | Villager (Male) |
| 13:06 | Research | Loom |
| 13:07 | Queue | Villager (Male) |
| 13:07 | Queue | Villager (Male) |
| 13:43 | Age | Castle Age |
| 14:32 | Build | Castle |
| 14:56 | Build | House |
| 14:57 | Build | House |
| 15:03 | Queue | Villager (Male) |
| 15:03 | Queue | Villager (Male) |
| 15:03 | Queue | Villager (Male) |
| 15:53 | Build | Mining Camp |
| 16:01 | Research | Fletching |
| 16:09 | Queue | Villager (Male) |
| 16:10 | Queue | Villager (Male) |
| 16:25 | Build | Monastery |
| 16:27 | Queue | Genoese Crossbowman |
| 16:27 | Queue | Genoese Crossbowman |
| 16:27 | Queue | Genoese Crossbowman |
| 16:55 | Queue | Monk |
| 16:55 | Queue | Monk |
| 17:06 | Queue | Villager (Male) |
| 17:06 | Queue | Villager (Male) |
| 17:16 | Queue | Genoese Crossbowman |
| 17:16 | Queue | Genoese Crossbowman |
| 17:40 | Queue | Villager (Male) |
| 17:40 | Queue | Villager (Male) |
| 17:53 | Queue | Monk |
| 18:16 | Queue | Genoese Crossbowman |
| 18:37 | Queue | Genoese Crossbowman |
| 19:05 | Queue | Villager (Male) |
| 19:05 | Queue | Villager (Male) |
| 19:05 | Queue | Villager (Male) |
| 19:06 | Build | Farm |
| 19:07 | Build | Farm |
| 19:07 | Build | Farm |
| 19:07 | Build | Farm |
| 19:08 | Build | Farm |
| 19:08 | Build | Farm |
| 19:08 | Build | Farm |
| 19:12 | Queue | Monk |
| 19:27 | Build | Lumber Camp |
| 20:09 | Queue | Monk |
| 20:14 | Research | Horse Collar |
| 20:23 | Queue | Villager (Male) |
| 20:23 | Queue | Villager (Male) |
| 20:29 | Research | Gold Mining |
| 20:32 | Queue | Villager (Male) |
| 20:33 | Queue | Villager (Male) |
| 20:37 | Queue | Genoese Crossbowman |
| 20:37 | Queue | Genoese Crossbowman |
| 21:40 | Queue | Villager (Male) |
| 21:41 | Queue | Villager (Male) |
| 22:19 | Build | Barracks |
| 22:51 | Queue | Villager (Male) |
| 22:52 | Queue | Villager (Male) |
| 23:37 | Research | Imperial Age |
| 23:55 | Research | Bodkin Arrow |
| 24:46 | Research | Padded Archer Armor |
| 24:51 | Build | University |
| 24:55 | Build | House |
| 24:56 | Build | House |
| 24:56 | Build | House |
| 24:57 | Build | House |
| 24:57 | Build | House |
| 24:58 | Build | House |
| 25:04 | Research | Bow Saw |
| 25:34 | Build | Castle |
| 25:50 | Research | Scale Mail Armor |
| 25:55 | Build | Barracks |
| 26:07 | Queue | Villager (Male) |
| 26:07 | Queue | Villager (Male) |
| 26:09 | Research | Ballistics |
| 26:23 | Queue | Villager (Male) |
| 26:30 | Build | Mining Camp |
| 26:53 | Age | Imperial Age |
| 26:53 | Build | Mining Camp |
| 27:02 | Queue | Trebuchet (Packed) |
| 27:03 | Queue | Trebuchet (Packed) |
| 27:09 | Queue | Unit 882 |
| 27:10 | Queue | Unit 882 |
| 27:10 | Queue | Unit 882 |
| 27:10 | Queue | Unit 882 |
| 27:36 | Research | Squires |
| 27:36 | Research | Arson |
| 27:42 | Queue | Unit 882 |
| 27:42 | Queue | Unit 882 |
| 27:42 | Queue | Unit 882 |
| 27:48 | Queue | Trebuchet (Packed) |
| 27:48 | Queue | Trebuchet (Packed) |
| 28:18 | Queue | Unit 882 |
| 28:18 | Queue | Unit 882 |
| 28:19 | Queue | Unit 882 |
| 28:20 | Queue | Genoese Crossbowman |
| 28:20 | Queue | Genoese Crossbowman |
| 28:20 | Queue | Genoese Crossbowman |
Build order — FLEJEUNE
148 actions detected in the replay
| 0:01 | Queue | Villager (Male) |
| 0:02 | Build | House |
| 0:03 | Queue | Villager (Male) |
| 0:05 | Build | House |
| 0:06 | Queue | Villager (Male) |
| 0:06 | Queue | Villager (Male) |
| 0:16 | Build | House |
| 0:20 | Build | House |
| 1:43 | Queue | Villager (Male) |
| 2:07 | Queue | Villager (Male) |
| 2:07 | Queue | Villager (Male) |
| 2:29 | Queue | Villager (Male) |
| 2:30 | Queue | Villager (Male) |
| 2:56 | Queue | Villager (Male) |
| 2:57 | Queue | Villager (Male) |
| 3:22 | Queue | Villager (Male) |
| 3:37 | Build | House |
| 3:46 | Queue | Villager (Male) |
| 3:59 | Queue | Villager (Male) |
| 4:03 | Build | Lumber Camp |
| 4:31 | Queue | Villager (Male) |
| 4:35 | Queue | Villager (Male) |
| 5:21 | Queue | Villager (Male) |
| 5:46 | Queue | Villager (Male) |
| 5:49 | Build | Mill |
| 5:55 | Queue | Villager (Male) |
| 6:02 | Build | House |
| 6:03 | Build | House |
| 6:47 | Queue | Villager (Male) |
| 7:05 | Queue | Villager (Male) |
| 7:22 | Build | Farm |
| 7:25 | Build | Farm |
| 7:36 | Research | Feudal Age |
| 8:27 | Queue | Villager (Male) |
| 8:28 | Queue | Villager (Male) |
| 8:35 | Build | Mining Camp |
| 9:47 | Age | Feudal Age |
| 10:01 | Research | Double-Bit Axe |
| 10:18 | Build | Market |
| 10:22 | Queue | Villager (Male) |
| 11:01 | Queue | Villager (Male) |
| 11:06 | Build | Blacksmith |
| 11:29 | Queue | Villager (Male) |
| 11:37 | Build | House |
| 11:53 | Build | Mill |
| 12:01 | Queue | Villager (Male) |
| 12:33 | Queue | Villager (Male) |
| 12:34 | Research | Loom |
| 13:27 | Research | Castle Age |
| 14:55 | Queue | Villager (Male) |
| 14:56 | Queue | Villager (Male) |
| 15:13 | Build | Barracks |
| 15:38 | Build | House |
| 15:39 | Build | House |
| 15:53 | Build | Mining Camp |
| 15:58 | Research | Stone Mining |
| 16:07 | Age | Castle Age |
| 16:11 | Build | Archery Range |
| 16:22 | Build | Mining Camp |
| 16:27 | Queue | Villager (Male) |
| 16:27 | Queue | Villager (Male) |
| 16:53 | Build | Stone Wall |
| 16:56 | Build | Stone Wall |
| 17:01 | Build | Stone Wall |
| 17:02 | Build | Stone Wall |
| 17:09 | Research | Stone Shaft Mining |
| 17:15 | Build | University |
| 17:22 | Build | University |
| 17:31 | Build | Gate |
| 17:37 | Queue | Villager (Male) |
| 17:38 | Queue | Villager (Male) |
| 17:47 | Research | Gold Mining |
| 17:51 | Research | Fletching |
| 18:16 | Research | Horse Collar |
| 18:19 | Build | Farm |
| 18:41 | Queue | Villager (Male) |
| 18:41 | Queue | Villager (Male) |
| 18:42 | Build | Farm |
| 18:45 | Build | Farm |
| 18:51 | Build | Farm |
| 19:11 | Build | Farm |
| 19:16 | Research | Town Watch |
| 19:36 | Build | Farm |
| 19:56 | Build | Castle |
| 20:06 | Build | Farm |
| 20:07 | Build | Farm |
| 20:08 | Build | Farm |
| 20:09 | Build | Farm |
| 20:23 | Queue | Villager (Male) |
| 20:23 | Queue | Villager (Male) |
| 20:34 | Build | Farm |
| 20:41 | Build | Siege Workshop |
| 20:57 | Build | Farm |
| 21:20 | Build | Stone Wall |
| 21:23 | Build | Stone Wall |
| 21:25 | Build | Gate |
| 22:00 | Queue | Rattan Archer |
| 22:00 | Queue | Rattan Archer |
| 22:07 | Build | Farm |
| 22:08 | Build | Farm |
| 22:09 | Build | Farm |
| 22:10 | Build | Farm |
| 22:12 | Build | Farm |
| 22:20 | Research | Bodkin Arrow |
| 22:31 | Queue | Villager (Male) |
| 22:32 | Queue | Villager (Male) |
| 22:43 | Queue | Rattan Archer |
| 22:43 | Queue | Rattan Archer |
| 22:55 | Build | Farm |
| 22:56 | Build | Farm |
| 22:57 | Build | Farm |
| 22:58 | Build | Farm |
| 23:00 | Build | Farm |
| 23:22 | Research | Padded Archer Armor |
| 23:30 | Queue | Villager (Male) |
| 23:34 | Build | Farm |
| 24:02 | Queue | Rattan Archer |
| 24:02 | Queue | Rattan Archer |
| 24:20 | Queue | Villager (Male) |
| 24:20 | Queue | Villager (Male) |
| 24:20 | Queue | Villager (Male) |
| 24:59 | Queue | Rattan Archer |
| 25:00 | Queue | Villager (Male) |
| 25:25 | Research | Ballistics |
| 25:43 | Build | Market |
| 26:58 | Research | Imperial Age |
| 26:59 | Research | Imperial Age |
| 27:13 | Queue | Rattan Archer |
| 27:13 | Queue | Rattan Archer |
| 27:13 | Queue | Rattan Archer |
| 28:02 | Research | Padded Archer Armor |
| 28:03 | Research | Ballistics |
| 28:19 | Build | Stone Wall |
| 28:23 | Queue | Rattan Archer |
| 28:23 | Queue | Rattan Archer |
| 28:34 | Build | House |
| 28:35 | Build | House |
| 28:37 | Build | House |
| 28:44 | Build | Palisade Gate |
| 29:00 | Build | House |
| 29:07 | Build | House |
| 30:08 | Age | Imperial Age |
| 30:36 | Build | Mill |
| 31:29 | Research | Guilds |
| 31:32 | Research | Bow Saw |
| 31:36 | Build | House |
| 31:48 | Build | Lumber Camp |
| 32:00 | Build | Stone Wall |
Build order — LMG_Leonardo
First 150 of 258 actions detected
| 0:01 | Queue | Villager (Male) |
| 0:01 | Queue | Villager (Male) |
| 0:01 | Queue | Villager (Male) |
| 0:01 | Queue | Villager (Male) |
| 0:02 | Build | House |
| 0:04 | Build | House |
| 1:17 | Queue | Villager (Male) |
| 1:17 | Queue | Villager (Male) |
| 1:43 | Queue | Villager (Male) |
| 1:43 | Queue | Villager (Male) |
| 1:48 | Queue | Villager (Male) |
| 2:03 | Build | Lumber Camp |
| 2:26 | Queue | Villager (Male) |
| 2:26 | Queue | Villager (Male) |
| 2:27 | Queue | Villager (Male) |
| 3:14 | Queue | Villager (Male) |
| 3:14 | Queue | Villager (Male) |
| 3:41 | Build | House |
| 3:46 | Build | House |
| 3:47 | Build | House |
| 3:50 | Queue | Villager (Male) |
| 3:50 | Queue | Villager (Male) |
| 4:04 | Build | Mill |
| 4:21 | Queue | Villager (Male) |
| 4:22 | Queue | Villager (Male) |
| 4:22 | Queue | Villager (Male) |
| 5:17 | Queue | Villager (Male) |
| 5:17 | Queue | Villager (Male) |
| 5:17 | Queue | Villager (Male) |
| 6:53 | Queue | Villager (Male) |
| 6:53 | Queue | Villager (Male) |
| 7:19 | Build | Mining Camp |
| 7:56 | Research | Feudal Age |
| 10:01 | Age | Feudal Age |
| 10:02 | Build | Market |
| 10:05 | Build | Blacksmith |
| 10:11 | Queue | Villager (Male) |
| 10:12 | Queue | Villager (Male) |
| 11:06 | Research | Castle Age |
| 11:06 | Research | Castle Age |
| 11:13 | Build | Barracks |
| 11:15 | Build | House |
| 12:21 | Build | Farm |
| 12:24 | Build | Farm |
| 12:29 | Build | Stable |
| 12:38 | Research | Double-Bit Axe |
| 13:04 | Build | Farm |
| 13:08 | Queue | Villager (Male) |
| 13:23 | Queue | Villager (Male) |
| 13:23 | Queue | Scout Cavalry |
| 13:32 | Age | Castle Age |
| 13:53 | Build | Monastery |
| 13:59 | Build | Farm |
| 14:03 | Build | Farm |
| 14:12 | Queue | Villager (Male) |
| 14:15 | Build | Farm |
| 14:17 | Build | Farm |
| 14:20 | Build | Farm |
| 14:24 | Build | Farm |
| 14:30 | Queue | Villager (Male) |
| 14:32 | Queue | Scout Cavalry |
| 14:55 | Build | House |
| 14:58 | Queue | Villager (Male) |
| 15:01 | Queue | Monk |
| 15:01 | Queue | Monk |
| 15:09 | Build | House |
| 15:12 | Build | House |
| 15:18 | Build | House |
| 15:19 | Build | House |
| 15:21 | Queue | Villager (Male) |
| 15:27 | Build | Farm |
| 15:27 | Build | Farm |
| 15:28 | Build | Farm |
| 15:29 | Build | Farm |
| 15:39 | Build | Farm |
| 15:40 | Queue | Villager (Male) |
| 15:40 | Queue | Villager (Male) |
| 15:59 | Build | Farm |
| 16:23 | Build | Farm |
| 16:25 | Queue | Villager (Male) |
| 16:25 | Queue | Villager (Male) |
| 16:30 | Queue | Knight |
| 17:10 | Build | Farm |
| 17:12 | Queue | Villager (Male) |
| 17:12 | Queue | Villager (Male) |
| 17:15 | Build | Stable |
| 17:31 | Queue | Villager (Male) |
| 17:38 | Build | Farm |
| 17:45 | Queue | Villager (Male) |
| 17:45 | Queue | Villager (Male) |
| 17:57 | Research | Horse Collar |
| 17:57 | Research | Horse Collar |
| 17:59 | Queue | Knight |
| 17:59 | Queue | Knight |
| 18:00 | Queue | Knight |
| 18:11 | Queue | Knight |
| 18:16 | Build | House |
| 18:17 | Build | House |
| 18:18 | Build | House |
| 18:38 | Research | Husbandry |
| 18:49 | Queue | Villager (Male) |
| 19:07 | Build | Farm |
| 19:10 | Build | Farm |
| 19:13 | Build | Farm |
| 19:15 | Queue | Villager (Male) |
| 19:16 | Queue | Knight |
| 19:17 | Queue | Knight |
| 19:17 | Queue | Knight |
| 19:32 | Queue | Villager (Male) |
| 19:35 | Queue | Knight |
| 19:47 | Queue | Knight |
| 20:08 | Queue | Villager (Male) |
| 20:08 | Queue | Villager (Male) |
| 20:22 | Queue | Villager (Male) |
| 20:30 | Research | Bloodlines |
| 20:36 | Queue | Monk |
| 20:42 | Build | Town Center |
| 21:09 | Queue | Villager (Male) |
| 21:09 | Queue | Villager (Male) |
| 21:10 | Queue | Villager (Male) |
| 21:18 | Research | Scale Barding Armor |
| 21:33 | Queue | Villager (Male) |
| 21:34 | Queue | Villager (Male) |
| 21:56 | Queue | Villager (Male) |
| 22:05 | Queue | Villager (Male) |
| 22:14 | Queue | Villager (Male) |
| 22:15 | Queue | Villager (Male) |
| 22:32 | Queue | Villager (Male) |
| 22:32 | Queue | Villager (Male) |
| 22:33 | Queue | Villager (Male) |
| 22:39 | Build | Farm |
| 22:39 | Build | Farm |
| 22:40 | Build | Farm |
| 22:40 | Build | Farm |
| 22:40 | Build | Farm |
| 22:40 | Build | Farm |
| 22:44 | Build | Farm |
| 22:52 | Queue | Knight |
| 22:53 | Queue | Knight |
| 22:53 | Queue | Knight |
| 22:53 | Queue | Knight |
| 22:53 | Queue | Knight |
| 23:14 | Research | Chain Barding Armor |
| 23:18 | Queue | Villager (Male) |
| 23:18 | Queue | Villager (Male) |
| 23:54 | Build | House |
| 23:56 | Build | House |
| 23:59 | Research | Loom |
| 24:01 | Research | Wheelbarrow |
| 24:03 | Queue | Villager (Male) |
Build order — Fritz X2453
First 150 of 311 actions detected
| 0:02 | Queue | Villager (Male) |
| 0:02 | Queue | Villager (Male) |
| 0:05 | Build | House |
| 0:07 | Build | House |
| 0:08 | Queue | Villager (Male) |
| 0:08 | Queue | Villager (Male) |
| 0:08 | Queue | Villager (Male) |
| 1:31 | Queue | Villager (Male) |
| 1:55 | Queue | Villager (Male) |
| 1:56 | Queue | Villager (Male) |
| 2:06 | Build | Lumber Camp |
| 2:30 | Queue | Villager (Male) |
| 2:53 | Queue | Villager (Male) |
| 3:00 | Build | House |
| 3:51 | Queue | Villager (Male) |
| 3:51 | Queue | Villager (Male) |
| 3:51 | Queue | Villager (Male) |
| 3:57 | Queue | Villager (Male) |
| 3:57 | Queue | Villager (Male) |
| 4:18 | Queue | Villager (Male) |
| 4:18 | Queue | Villager (Male) |
| 4:52 | Build | Mill |
| 5:08 | Queue | Villager (Male) |
| 5:09 | Queue | Villager (Male) |
| 5:09 | Queue | Villager (Male) |
| 5:44 | Queue | Villager (Male) |
| 5:44 | Queue | Villager (Male) |
| 6:13 | Build | Mining Camp |
| 6:25 | Queue | Villager (Male) |
| 6:25 | Queue | Villager (Male) |
| 7:01 | Build | Barracks |
| 7:05 | Build | House |
| 7:05 | Build | House |
| 7:28 | Queue | Villager (Male) |
| 7:28 | Queue | Villager (Male) |
| 8:04 | Build | Farm |
| 8:33 | Build | Farm |
| 8:40 | Queue | Villager (Male) |
| 8:56 | Build | Farm |
| 9:25 | Build | Farm |
| 9:25 | Build | Farm |
| 9:28 | Queue | Villager (Male) |
| 9:30 | Research | Feudal Age |
| 9:37 | Queue | Villager (Male) |
| 9:38 | Queue | Villager (Male) |
| 11:41 | Age | Feudal Age |
| 11:43 | Build | Stable |
| 11:49 | Queue | Spearman |
| 11:52 | Build | Blacksmith |
| 12:22 | Build | House |
| 12:22 | Build | House |
| 12:30 | Research | Castle Age |
| 12:31 | Research | Castle Age |
| 12:38 | Research | Horse Collar |
| 13:04 | Research | Double-Bit Axe |
| 13:07 | Queue | Scout Cavalry |
| 14:52 | Queue | Villager (Male) |
| 15:11 | Age | Castle Age |
| 15:13 | Build | Town Center |
| 15:17 | Research | Heavy Plow |
| 15:19 | Research | Bow Saw |
| 15:24 | Queue | Villager (Male) |
| 15:34 | Build | Town Center |
| 15:45 | Build | Farm |
| 15:46 | Build | Farm |
| 15:52 | Queue | Villager (Male) |
| 16:17 | Research | Light Cavalry (upgrade) |
| 16:28 | Build | Farm |
| 16:31 | Build | Farm |
| 16:33 | Queue | Villager (Male) |
| 16:35 | Queue | Villager (Male) |
| 16:51 | Queue | Villager (Male) |
| 16:57 | Build | Mill |
| 17:01 | Queue | Villager (Male) |
| 17:03 | Queue | Villager (Male) |
| 17:15 | Build | Farm |
| 17:15 | Build | Farm |
| 17:15 | Build | Farm |
| 17:16 | Build | Farm |
| 17:22 | Queue | Villager (Male) |
| 17:47 | Queue | Villager (Male) |
| 17:54 | Build | Farm |
| 18:01 | Build | Mill |
| 18:02 | Queue | Villager (Male) |
| 18:03 | Queue | Villager (Male) |
| 18:03 | Queue | Villager (Male) |
| 18:30 | Queue | Villager (Male) |
| 18:31 | Queue | Villager (Male) |
| 18:31 | Queue | Villager (Male) |
| 18:36 | Build | Farm |
| 18:36 | Build | Farm |
| 18:36 | Build | Farm |
| 18:36 | Build | Farm |
| 18:48 | Build | Farm |
| 18:48 | Build | Farm |
| 18:50 | Build | Farm |
| 18:52 | Queue | Villager (Male) |
| 18:52 | Queue | Villager (Male) |
| 18:52 | Queue | Villager (Male) |
| 19:15 | Queue | Villager (Male) |
| 19:16 | Queue | Villager (Male) |
| 19:21 | Build | Monastery |
| 19:23 | Build | House |
| 19:24 | Build | House |
| 19:24 | Build | House |
| 19:24 | Build | House |
| 19:24 | Build | House |
| 19:44 | Research | Husbandry |
| 19:44 | Research | Husbandry |
| 19:45 | Queue | Villager (Male) |
| 19:45 | Queue | Villager (Male) |
| 19:45 | Queue | Villager (Male) |
| 19:46 | Queue | Villager (Male) |
| 19:47 | Queue | Villager (Male) |
| 19:55 | Build | Farm |
| 19:55 | Build | Farm |
| 19:55 | Build | Farm |
| 19:56 | Build | Farm |
| 19:56 | Build | Farm |
| 20:02 | Build | Mill |
| 20:11 | Queue | Villager (Male) |
| 20:11 | Queue | Villager (Male) |
| 20:11 | Queue | Villager (Male) |
| 20:17 | Queue | Villager (Male) |
| 20:18 | Queue | Villager (Male) |
| 20:30 | Build | House |
| 20:30 | Build | House |
| 20:31 | Build | House |
| 20:31 | Build | House |
| 20:32 | Build | House |
| 20:32 | Build | House |
| 20:32 | Build | House |
| 20:34 | Queue | Scout Cavalry |
| 20:34 | Queue | Scout Cavalry |
| 20:40 | Queue | Villager (Male) |
| 20:40 | Queue | Villager (Male) |
| 20:44 | Queue | Villager (Male) |
| 20:47 | Build | Farm |
| 20:48 | Build | Farm |
| 20:52 | Build | Farm |
| 20:52 | Build | Farm |
| 20:53 | Build | Farm |
| 21:02 | Build | Farm |
| 21:03 | Build | Farm |
| 21:04 | Queue | Villager (Male) |
| 21:05 | Research | Wheelbarrow |
| 21:08 | Research | Wheelbarrow |
| 21:10 | Queue | Villager (Male) |
| 21:12 | Queue | Villager (Male) |
| 21:41 | Queue | Villager (Male) |
Match timeline
| 7:01 | Fritz X2453 · first_building Barracks |
| 9:47 | FLEJEUNE · age_up feudal |
| 10:01 | LMG_Leonardo · age_up feudal |
| 10:06 | LMG_HERA DE TEMU · age_up feudal |
| 11:13 | LMG_Leonardo · first_building Barracks |
| 11:41 | Fritz X2453 · age_up feudal |
| 11:43 | Fritz X2453 · first_building Stable |
| 12:29 | LMG_Leonardo · first_building Stable |
| 13:22 | FLEJEUNE · first_market_sell 100 wood |
| 13:22 | FLEJEUNE · first_market_buy 100 food |
| 13:32 | LMG_Leonardo · age_up castle |
| 13:43 | LMG_HERA DE TEMU · age_up castle |
| 13:53 | LMG_Leonardo · first_building Monastery |
| 14:23 | LMG_HERA DE TEMU · first_market_buy 100 stone |
| 14:29 | LMG_Leonardo · first_market_buy 100 food |
| 14:32 | LMG_HERA DE TEMU · first_building Castle |
| 15:11 | Fritz X2453 · age_up castle |
| 15:13 | FLEJEUNE · first_building Barracks |
| 16:07 | FLEJEUNE · age_up castle |
| 16:11 | FLEJEUNE · first_building Archery Range |
| 16:25 | LMG_HERA DE TEMU · first_building Monastery |
| 16:53 | FLEJEUNE · wall_segment Stone Wall x1 |
| 16:56 | FLEJEUNE · wall_segment Stone Wall x7 |
| 17:01 | FLEJEUNE · wall_segment Stone Wall x1 |
| 17:02 | FLEJEUNE · wall_segment Stone Wall x1 |
| 19:21 | Fritz X2453 · first_building Monastery |
| 19:56 | FLEJEUNE · first_building Castle |
| 20:41 | FLEJEUNE · first_building Siege Workshop |
| 21:20 | FLEJEUNE · wall_segment Stone Wall x1 |
| 21:23 | FLEJEUNE · wall_segment Stone Wall x1 |
| 21:58 | LMG_HERA DE TEMU · first_market_sell 100 stone |
| 22:19 | LMG_HERA DE TEMU · first_building Barracks |
| 24:14 | Fritz X2453 · first_building Archery Range |
| 25:57 | Fritz X2453 · first_building Castle |
| 26:53 | LMG_HERA DE TEMU · age_up imperial |
| 28:19 | FLEJEUNE · wall_segment Stone Wall x1 |
| 28:57 | Fritz X2453 · age_up imperial |
| 30:08 | FLEJEUNE · age_up imperial |
| 31:28 | LMG_Leonardo · first_market_sell 100 wood |
| 32:00 | FLEJEUNE · wall_segment Stone Wall x7 |
| 32:15 | Fritz X2453 · resign |
[ AI ANALYSIS · 1 CREDIT ]
What really happened in this match?
Wolo.gg analyzes every decision: build order, eco, micro, common mistakes by bracket. Personalized analysis on WhatsApp or Discord in 30 seconds.
Civ guide
Italians
Perfil
LMG_HERA DE TEMU